AoeStats
← BoBo鸡之印第安走地鸡

Arena

510727301Analyzed
4v4 RM · 1d ago on Oct 2, 2026· 78m 19s· 8 players
Game mode
Random Map
Map size
Large (8 player)
Population
200
Speed
Normal
Resources
Standard
Victory
Conquest
Starting age
Dark Age
Ending age
Imperial Age
RankedLock teamsTeams togetherTeam positionsShared explorationLock speedFull tech treeHidden civsTurbo modeCheats
Victory
Defeat
🇰🇼 Saracens · Kuwait
878
+12
🇳🇱 Romans · Netherlands
792
+16
🇭🇰 Portuguese · Hong Kong SAR China
787
+16
🇭🇺 Khmer · Hungary
751
+20
899
-20
🇮🇳 Teutons · India
879
-19
🇨🇳 Britons · China
693
-12
🇳🇿 Britons · New Zealand
686
-11
CEO of swag
10:14 Loom
13:35 Feudal Age
14:05 Horse Collar
14:12 Double-Bit Axe
17:58 Wheelbarrow
17:48 Town Watch
20:28 Castle Age
18:37 Stone Mining
18:39 Gold Mining
18:54 Scale Mail Armor
19:05 Forging
18:25 Man-at-Arms
21:09 Heavy Plow
23:10 Bow Saw
23:32 Fervor
26:09 Wheelbarrow
26:40 Wheelbarrow
27:21 Hand Cart
30:42 Gold Shaft Mining
38:21 Imperial Age
37:04 Ballistics
36:55 Masonry
36:55 Fortified Wall
37:14 Chain Mail Armor
37:09 Pikeman
37:49 Squires
37:09 Long Swordsman
38:00 Caravan
39:00 Iron Casting
38:16 Fletching
39:42 Crop Rotation
38:47 Heavy Scorpion
40:07 Onager
41:11 Conscription
40:58 Ballistas
41:15 Comitatenses
42:02 Blast Furnace
41:23 Town Patrol
42:02 Legionary
42:59 Guilds
43:39 Architecture
43:15 Siege Engineers
44:19 Chemistry
44:08 Bodkin Arrow
43:39 Halberdier
46:11 Murder Holes
47:10 Padded Archer Armor
47:16 Scale Barding Armor
48:42 Bloodlines
48:32 Husbandry
48:54 Leather Archer Armor
49:00 Chain Barding Armor
48:43 Light Cavalry
50:49 Plate Barding Armor
50:45 Ring Archer Armor
51:04 Coinage
50:12 Elite Skirmisher
50:27 Capped Ram
51:29 Siege Ram
57:52 Banking
63:32 Cavalier
63:57 Elite Centurion
zakor
12:21 Feudal Age
12:47 Double-Bit Axe
12:47 Horse Collar
15:55 Loom
19:39 Castle Age
19:30 Gold Mining
28:20 Imperial Age
26:17 Bow Saw
26:28 Heavy Plow
27:59 Wheelbarrow
28:19 Husbandry
28:30 Bloodlines
30:20 Chemistry
30:43 Siege Engineers
31:36 Hand Cart
32:42 Heavy Scorpion
34:10 Town Watch
35:36 Double Crossbow
36:41 Gold Shaft Mining
38:27 Crop Rotation
38:11 Scale Barding Armor
38:18 Forging
38:35 Conscription
38:18 Tusk Swords
39:40 Chain Barding Armor
38:47 Elite Battle Elephant
40:14 Iron Casting
50:24 Caravan
53:30 Padded Archer Armor
53:22 Fletching
55:03 Leather Archer Armor
54:44 Bodkin Arrow
58:56 Ballistics
68:02 Light Cavalry
75:36 Plate Barding Armor
76:14 Blast Furnace
Slayer953662
11:50 Feudal Age
13:08 Wheelbarrow
12:22 Double-Bit Axe
13:10 Loom
15:12 Gold Mining
18:12 Castle Age
18:44 Horse Collar
19:23 Bow Saw
19:49 Heavy Plow
30:57 Imperial Age
28:59 Fortified Wall
30:02 Gold Shaft Mining
30:14 Fletching
30:25 Padded Archer Armor
30:55 Bodkin Arrow
31:44 Ballistics
32:47 Two-Man Saw
32:10 Hand Cart
32:50 Leather Archer Armor
33:15 Elite Skirmisher
33:59 Bracer
35:05 Chemistry
35:32 Ring Archer Armor
35:11 Thumb Ring
35:13 Stone Mining
37:19 Forging
37:52 Murder Holes
38:08 Masonry
40:01 Iron Casting
39:49 Scale Barding Armor
40:03 Crossbowman
41:06 Arbalester
45:48 Blast Furnace
46:54 Squires
55:29 Conscription
56:39 Counterweights
57:06 Chain Barding Armor
58:30 Siege Engineers
60:16 Plate Barding Armor
63:30 Elite Mameluke
67:53 Husbandry
68:04 Bloodlines
Smallfung
12:07 Feudal Age
16:04 Castle Age
15:01 Gold Mining
14:58 Double-Bit Axe
21:17 Imperial Age
21:03 Treadmill Crane
23:38 Chemistry
24:03 Bow Saw
24:52 Stone Mining
24:44 Horse Collar
28:43 Two-Man Saw
29:21 Wheelbarrow
29:10 Fletching
30:59 Stone Shaft Mining
31:21 Hand Cart
30:52 Loom
30:53 Town Watch
31:46 Bombard Tower
31:48 Ballistics
32:05 Bodkin Arrow
32:51 Hand Cart
33:14 Conscription
34:15 Bracer
34:19 Circumnavigation
35:18 Elite Organ Gun
36:41 Town Patrol
36:56 Fortified Wall
37:52 Arquebus
38:32 Murder Holes
38:47 Masonry
50:33 Architecture
54:55 Scale Mail Armor
55:05 Forging
54:34 Man-at-Arms
55:02 Gambesons
55:20 Arson
56:03 Chain Mail Armor
55:12 Long Swordsman
56:50 Iron Casting
56:52 Two-Handed Swordsman
58:05 Plate Mail Armor
57:59 Pikeman
58:00 Champion
60:07 Blast Furnace
58:29 Halberdier
Poremmie
0:32 Loom
14:55 Feudal Age
18:40 Castle Age
21:50 Horse Collar
22:52 Wheelbarrow
23:50 Stone Mining
24:59 Town Watch
28:52 Gold Mining
29:29 Double-Bit Axe
30:37 Fletching
32:26 Bow Saw
32:29 Bodkin Arrow
32:54 Heavy Plow
34:11 Forging
38:06 Imperial Age
35:32 Treadmill Crane
36:03 Murder Holes
38:11 Gold Shaft Mining
39:15 Conscription
39:20 Hand Cart
39:06 Town Patrol
40:23 Iron Casting
40:18 Ballistics
40:02 Padded Archer Armor
41:42 Two-Man Saw
41:51 Elite Longbowman
42:54 Yeomen
44:54 Blast Furnace
43:55 Bracer
44:10 Leather Archer Armor
46:49 Ring Archer Armor
46:20 Scale Mail Armor
46:24 Caravan
49:58 Chain Mail Armor
50:51 Warwolf
53:29 Plate Mail Armor
58:16 Pikeman
60:04 Squires
59:49 Gambesons
60:45 Halberdier
61:15 Arson
62:27 Man-at-Arms
65:45 Long Swordsman
69:21 Two-Handed Swordsman
75:23 Elite Skirmisher
BoBo鸡之印第安走地鸡
0:33 Loom
12:22 Feudal Age
13:58 Double-Bit Axe
16:42 Castle Age
15:12 Horse Collar
18:49 Stone Mining
18:48 Double-Bit Axe
20:48 Stone Shaft Mining
20:56 Bow Saw
26:03 Gold Mining
27:07 Wheelbarrow
29:41 Heavy Plow
30:11 Hand Cart
31:08 Treadmill Crane
33:59 Imperial Age
31:16 Town Watch
32:08 Husbandry
32:19 Bloodlines
32:18 Scale Barding Armor
32:24 Forging
33:36 Chain Barding Armor
34:47 Iron Casting
35:32 Plate Barding Armor
35:23 Conscription
34:28 Vendel Legacy
37:05 Blast Furnace
36:19 Elite Jarl
38:36 Two-Man Saw
38:12 Crop Rotation
43:00 Scale Mail Armor
42:47 Gambesons
43:02 Squires
42:47 Arson
42:24 Pikeman
43:29 Halberdier
44:47 Chain Mail Armor
53:05 Plate Mail Armor
52:18 Elite Varangian Guard
52:26 Gothikon
菜鸟驿站
3:11 Loom
11:39 Feudal Age
12:15 Double-Bit Axe
12:13 Horse Collar
17:10 Castle Age
30:22 Fletching
30:32 Padded Archer Armor
31:57 Heavy Plow
34:29 Imperial Age
32:37 Wheelbarrow
31:47 Town Watch
32:27 Ballistics
32:19 Masonry
33:04 Bow Saw
34:18 Pikeman
39:07 Yeomen
41:03 Conscription
43:02 Elite Longbowman
44:34 Gold Mining
44:35 Stone Mining
46:12 Warwolf
46:49 Leather Archer Armor
46:29 Bodkin Arrow
49:19 Bracer
49:50 Ring Archer Armor
51:41 Caravan
53:26 Chemistry
52:58 Onager
64:58 Murder Holes
65:36 Architecture
77:57 Two-Man Saw
rooney
10:05 Feudal Age
11:49 Loom
17:36 Castle Age
16:33 Horse Collar
16:40 Double-Bit Axe
19:35 Heavy Plow
19:46 Bow Saw
28:19 Gold Mining
32:45 Imperial Age
30:50 Wheelbarrow
30:01 Town Watch
30:19 Squires
31:00 Ironclad
30:47 Stone Mining
31:00 Town Patrol
31:13 Forging
31:03 Scale Mail Armor
32:34 Hand Cart
33:43 Stone Shaft Mining
33:50 Conscription
35:50 Chemistry
35:11 Ballistics
35:01 Fortified Wall
34:58 Elite Teutonic Knight
37:45 Chain Mail Armor
46:47 Plate Mail Armor
46:52 Iron Casting
46:08 Fletching
53:28 Cavalier
54:19 Bloodlines
55:05 Paladin
56:49 Blast Furnace
55:55 Scale Barding Armor
55:47 Bodkin Arrow
65:58 Chain Barding Armor
73:06 Caravan
75:10 Padded Archer Armor
76:10 Crop Rotation
76:42 Two-Man Saw
75:41 Elite Skirmisher
Connection lost

Rejoining the realm…

Still unreachable

The connection could not be restored.

Session expired

The server has moved on; the page needs a fresh start.